 Dungeon Crawl Stone Soup version 0.28.0-45-g0d030f2227 (webtiles) character file.

Game seed: 16135313938651377043

6670 MalarOregon the Fighter (level 10, -3/81 (87) HPs)
             Began as a Palentonga Fighter on Apr 19, 2022.
             Was a Priest of Fedhas.
             Slain by a wyvern (12 damage)
             ... on level 10 of the Dungeon on Apr 20, 2022.
             The game lasted 00:23:03 (14216 turns).

MalarOregon the Fighter (Palentonga Fighter)       Turns: 14216, Time: 00:23:04

HP:   -3/81 (87)    AC: 28    Str: 23    XL:     10   Next: 73%
MP:   10/10         EV:  2    Int: 13    God:    Fedhas [***...]
Gold: 384           SH:  5    Dex: 10    Spells: 9/9 levels left

rFire   . . .      SeeInvis +   H - +0 morningstar (flame)
rCold   + . .      Faith    .   c - +0 buckler
rNeg    . . .      Spirit   .   r - +1 plate armour
rPois   +          Reflect  .   J - +0 helmet
rElec   .          Harm     .   k - +0 cloak
rCorr   +          Rampage  .   M - +0 pair of gloves
Will    +....                   g - +0 barding
Stlth   ..........              (no amulet)
HPRegen 0.23/turn               u - ring of Vicleq {Wiz Will+ Int+4}
MPRegen 0.12/turn               w - ring of Igruh {rPois rC+ rCorr}

@: drained, curled up
A: large, rugged brown scales 3, see invisible, deformed body, roll 1, armoured
tail, reflexive curl
a: Rolling Charge, Renounce Religion, Wall of Briars, Grow Ballistomycete


You were on level 10 of the Dungeon.
You worshipped Fedhas.
Fedhas was most pleased with you.
You visited 2 branches of the dungeon, and saw 11 of its levels.
You also visited: Sewer.

You collected 384 gold pieces.


Innate Abilities, Weirdness & Mutations

You are completely covered in rugged brown scales. (AC +3, +7% HP)
You have supernaturally acute eyesight. (SInv)
Armour fits poorly on your strangely shaped body.
You can roll at nearby foes to attack.
You have a long armoured tail.
You curl defensively after being hit. (AC +7*)


   Skills:
 + Level 8.8 Fighting
 + Level 8.5 Maces & Flails
 + Level 7.3 Armour
 + Level 7.3 Shields


You had 9 spell levels left.
You didn't know any spells.
Your spell library contained the following spells:

 Spells                   Type           Power      Damage    Failure   Level
 Sandblast                Erth           0%         2d4       89%         1
 Passwall                 Tmut/Erth      0%         N/A       96%         2
 Gell's Gravitas          Tloc           0%         N/A       99%         3
 Lesser Beckoning         Tloc           0%         N/A       99%         3
 Stone Arrow              Conj/Erth      0%         3d7       99%         3
 Teleport Other           Tloc           0%         N/A       99%         3
 Summon Forest            Summ/Tloc      0%         N/A       100%        5
 Eringya's Noxious Bog    Tmut/Pois      0%         N/A       100%        6
 Summon Hydra             Summ           0%         N/A       100%        7

Inventory:

Hand Weapons
 y - a +3 whip of freezing
   (You took it off Pikel on level 4 of the Dungeon)
 H - a +0 morningstar of flaming (weapon)
   (You took it off Maggie on level 7 of the Dungeon)
 I - the +0 short sword "Esmyer" {vorpal, *Slow rCorr Dex+8 Stlth-}
   (You found it on level 9 of the Dungeon)

   It inflicts extra damage upon your enemies.
   Dex:       It affects your dexterity (+8).
   rCorr:     It protects you from acid and corrosion.
   *Slow:     It may slow you when you take damage.
   Stlth:     It makes you less stealthy.
Missiles
 a - 30 poisoned darts (quivered)
 K - a curare-tipped dart {!f}
Armour
 c - a +0 buckler (worn)
 g - a +0 barding (worn)
   (You found it on level 7 of the Dungeon)
 k - a +0 cloak (worn)
   (You found it on level 2 of the Dungeon)
 r - a +1 plate armour (worn)
   (You found it on level 3 of the Dungeon)
 A - a scarf of invisibility
   (You found it on level 5 of the Dungeon)
 J - a +0 helmet (worn)
   (You found it on level 3 of the Dungeon)
 M - a +0 pair of gloves (worn)
   (You found it on level 9 of the Dungeon)
Jewellery
 u - the ring of Vicleq (left hand) {Wiz Will+ Int+4}
   (You found it on level 5 of the Dungeon)

   [ring of wizardry]

   It improves your spell success rate.
   Int:       It affects your intelligence (+4).
   Will:      It increases your willpower.
 w - the ring of Igruh (right hand) {rPois rC+ rCorr}
   (You found it on level 4 of the Dungeon)

   [ring of protection from cold]

   rC:        It protects you from cold.
   rPois:     It protects you from poison.
   rCorr:     It protects you from acid and corrosion.
Wands
 d - a wand of iceblast (12)
   (You found it on level 7 of the Dungeon)
 f - a wand of mindburst (9)
   (You found it on level 8 of the Dungeon)
 t - a wand of flame (5)
   (You found it on level 9 of the Dungeon)
 v - a wand of digging (7)
   (You took it off Ijyb on level 4 of the Dungeon)
 G - a wand of charming (15)
   (You took it off Maggie on level 7 of the Dungeon)
Scrolls
 b - a scroll of fog
 e - a scroll of brand weapon {unknown}
 h - 3 scrolls of blinking
 i - 2 scrolls of noise {unknown}
 l - a scroll of fear
 p - a scroll of enchant weapon
 q - 4 scrolls of magic mapping
 s - a scroll of holy word {unknown}
 x - a scroll of enchant armour
 C - a scroll of vulnerability {unknown}
 E - a scroll of teleportation {@r4}
 L - a scroll of silence {unknown}
Potions
 j - 6 potions of curing {@q1}
 m - 2 potions of heal wounds {@q2}
 n - a potion of magic {unknown}
 o - 2 potions of cancellation
 z - 2 potions of haste {@q3}
 B - a potion of degeneration {unknown}
 D - 5 potions of might
 F - 2 potions of mutation {!q}
 N - 2 potions of ambrosia {unknown}

Dungeon Overview and Level Annotations

Branches:
Dungeon (10/15)            Temple (1/1) D:6           Sewer (visited)
   Lair: D:8-11         Orc: D:9-12

Altars:
Ashenzari
Cheibriados
Dithmenos
Elyvilon
Fedhas
Gozag
Hepliaklqana
Kikubaaqudgha
Makhleb
Nemelex Xobeh
Okawaru
Qazlal
Ru
Sif Muna
Trog
Uskayaw
Vehumet
Wu Jian
Xom
Yredelemnul
Zin
The Shining One

Annotations:
D:4 1 runed translucent door, Crazy Yiuf

..........†.....#
≈≈≈.......≈≈....#.#
≈≈≈≈............#.#
≈≈≈............#.#
≈≈≈...........#.#
≈≈≈≈≈...z≈≈.....####
≈≈≈......≈≈........#
≈≈≈......l≈.....#####
≈........@..........#
###. ≈....≈....≈≈......##
...
.....≈≈≈..≈≈≈..#..###.#
............≈.........#
..................##..##.
...........≈≈............
...............#......#..
........................
#....##..##.....#..


You could see a wyvern and a wight.


Message History

You are poisoned.
The water moccasin poisons you!
Unknown command.
You feel better. You block the water moccasin's attack.
The wight hits you from afar with a +3 halberd.
* * * LOW HITPOINT WARNING * * *
You feel drained.
Roll where?
Press: ? - help, Dir - move target, f - wight
Aim: a wight, wielding a +3 halberd and wearing a +0 robe You roll forward with a clatter of scales!
You barely miss the wight.
Your tail-slap misses the wight.
You hear an angry hiss.
The water moccasin bites you but does no damage.
You block the wight's attack.
The water moccasin bites you but does no damage.
You barely miss the wight.
The water moccasin bites you but does no damage.
The wight hits you with a +3 halberd!
* * * LOW HITPOINT WARNING * * *
The water moccasin bites you but does no damage.
The wight hits you but does no damage.
You hit the wight but do no damage. The water moccasin bites you.
* * * LOW HITPOINT WARNING * * *
The wight hits you with a +3 halberd.
* * * LOW HITPOINT WARNING * * *
You feel drained.
* * * LOW HITPOINT WARNING * * *
You hit the wight but do no damage.
The water moccasin bites you but does no damage.
The wight hits you with a +3 halberd.
* * * LOW HITPOINT WARNING * * *
You feel drained.
* * * LOW HITPOINT WARNING * * *
The water moccasin bites you but does no damage.
As you read the scroll of teleportation {@r4}, it crumbles to dust.
You feel strangely unstable.
The water moccasin bites you but does no damage.
The wight hits you with a +3 halberd.
* * * LOW HITPOINT WARNING * * *
Unknown command.
The water moccasin bites you but does no damage.
A wyvern comes into view.
The wight hits you but does no damage.
The water moccasin bites you but does no damage.
The wyvern hisses angrily.
You block the water moccasin's attack.
Your surroundings seem slightly different.
Found a potion of mutation.
You enter the shallow water.
Moving in this stuff is going to be slow.
Found 13 gold pieces.
Okay, then.
The water moccasin bites you but does no damage.
Aiming: Throw Flame
Press: ? - help, Shift-Dir - straight line, f/p - wight
Aim: a wight, wielding a +3 halberd and wearing a +0 robe (68% to hit)
The puff of flame hits the water moccasin.
The water moccasin is engulfed in a cloud of scalding steam.
The water moccasin bites you but does no damage.
The water moccasin is engulfed in a cloud of scalding steam.
The water moccasin bites you but does no damage.
You closely miss the water moccasin. You tail-slap the water moccasin.
You are engulfed in a cloud of scalding steam.
The water moccasin is engulfed in a cloud of scalding steam.
You kill the water moccasin!
Fedhas appreciates your contribution to the ecosystem.
The wyvern bites you but does no damage.
Press: ? - help, v - describe, . - travel
Here: a wyvern The floor.
The wyvern is engulfed in a cloud of scalding steam.
The wyvern completely misses you.
The wyvern bites you but does no damage.
The wyvern bites you.
* * * LOW HITPOINT WARNING * * *
Aiming: Throw Flame
Press: ? - help, Shift-Dir - straight line, f/p - wight
Aim: a wight, wielding a +3 halberd and wearing a +0 robe (68% to hit)
The puff of flame hits the wyvern.
The wyvern is engulfed in a cloud of scalding steam.
The wyvern bites you but does no damage.
You closely miss the wyvern.
The wyvern is engulfed in a cloud of scalding steam.
The wyvern barely misses you.
The wyvern is engulfed in a cloud of scalding steam.
The wyvern bites you but does no damage.
You block the wyvern's attack.
The wyvern bites you but does no damage.
The wyvern bites you.
* * * LOW HITPOINT WARNING * * *
Aiming: Throw Flame
Press: ? - help, Shift-Dir - straight line, f/p - wight
Aim: a wight, wielding a +3 halberd and wearing a +0 robe (68% to hit)
The puff of flame misses the wyvern.
The puff of flame hits the wight but does no damage.
The wyvern is engulfed in a cloud of scalding steam.
The wyvern bites you!
You die...
Fedhas appreciates your contribution to the ecosystem.

Skill      XL: |  1  2  3  4  5  6  7  8  9 10 |
---------------+-------------------------------+-----
Shields        | 3 4 5 6 7 |  7.3
Maces & Flails | 3 4 6 7 8 |  8.5
Armour         | 3 4 5 6 7 |  7.3
Fighting       | 4 5 6 7 8 |  8.8

Action                   |  1- 3 |  4- 6 |  7- 9 | 10-12 || total
-------------------------+-------+-------+-------+-------++-------
Melee: Flail             |    30 |       |       |       ||    30
       Tailslap          |     8 |     9 |    64 |    27 ||   108
       Spear             |   109 |    85 |   343 |       ||   537
       Morningstar       |       |       |    17 |   192 ||   209
       Whip              |       |       |    16 |       ||    16
Throw: Dart              |       |     4 |     4 |    15 ||    23
 Abil: Rolling Charge    |       |       |     1 |     3 ||     4
Evoke: Wand              |       |       |       |     7 ||     7
  Use: Scroll            |       |       |    12 |     3 ||    15
       Potion            |       |       |     2 |     1 ||     3
Armor: Scale mail        |    31 |       |       |       ||    31
       Chain mail        |     6 |    22 |       |       ||    28
       Plate armour      |       |    25 |   242 |   228 ||   495
Dodge: Dodged            |    32 |    17 |    59 |    21 ||   129
Block: Buckler           |    20 |    21 |    69 |    97 ||   207

Levels and vault maps discovered:
D:1:      dpeg_arrival_rooms_a, layout_basic
D:2:      layout_loops_ring, hellmonk_ecumenical_altar_slurped_away,
          kennysheep_nondescript, uniq_jessica
D:3:      layout_basic, nicolae_overflow_hidden_temple, portal_sewer_entry_a,
          uniq_terence
D:4:      layout_loops_ring, uniq_crazy_yiuf_cottage, uniq_ijyb, uniq_pikel
D:5:      minmay_skewed_foursquare, layout_loops_cross, minmay_holes,
          palyth_stone_intersect
D:6:      layout_rooms, minmay_temple_entry_fiery
D:7:      layout_gridville, jmf_multi_god_temple2, kennysheep_small_square,
          uniq_duvessa, uniq_maggie
D:8:      layout_gridville
D:9:      layout_rooms, minivault_20, amcnicky_mini_pool_medium
D:10:     layout_basic, minmay_lair_entry_grove, minmay_misc_feat_pillars
Temple:   regret_index_temple_generic_petals

Notes
Turn   | Place    | Note
-------+----------+-------------------------------------------
     0 | D:1      | MalarOregon the Palentonga Fighter began the quest for the
                  | Orb.
     0 | D:1      | Reached XP level 1. HP: 19/19 MP: 1/1
   118 | D:1      | Reached XP level 2. HP: 15/25 MP: 2/2
   733 | D:1      | Reached XP level 3. HP: 31/31 MP: 3/3
  1110 | D:2      | Found a faded altar of an unknown god.
  1628 | D:2      | You pick up a book of Displacement and begin reading...
  1628 | D:2      | You add the spells Lesser Beckoning, Gell's Gravitas and
                  | Teleport Other to your library.
  1773 | D:3      | Found a glowing drain.
  1789 | Sewer    | Entered a sewer
  1805 | Sewer    | Reached skill level 3 in Shields
  1805 | Sewer    | Reached XP level 4. HP: 37/37 MP: 4/4
  1840 | Sewer    | Noticed Pargi
  1850 | Sewer    | Killed Pargi
  1851 | Sewer    | Reached skill level 3 in Maces & Flails
  1851 | Sewer    | Reached skill level 3 in Armour
  1851 | Sewer    | Reached XP level 5. HP: 34/44 MP: 5/5
  2149 | D:3      | Found a basalt altar of Yredelemnul.
  2205 | D:3      | Found a blossoming altar of Fedhas.
  2205 | D:3      | Found a radiant altar of Vehumet.
  2472 | D:3      | Noticed Terence
  2481 | D:3      | Killed Terence
  2482 | D:3      | Reached skill level 4 in Fighting
  2537 | D:3      | You pick up a book of Geomancy and begin reading...
  2537 | D:3      | You add the spells Sandblast, Passwall and Stone Arrow to
                  | your library.
  2779 | D:3      | Found a snail-covered altar of Cheibriados.
  2833 | D:4      | Noticed an ogre
  2851 | D:4      | HP: 6/44 [ogre/+0 giant spiked club (22)]
  3171 | D:4      | Noticed an ogre
  3372 | D:3      | HP: 10/44 [ogre/+0 giant spiked club (20)]
  3377 | D:3      | HP: 6/44 [poisoned by a scorpion]
  3383 | D:3      | Reached XP level 6. HP: 8/51 MP: 6/6
  3731 | D:3      | Found a basalt altar of Yredelemnul.
  3786 | D:3      | Found a blossoming altar of Fedhas.
  3786 | D:3      | Found a radiant altar of Vehumet.
  4396 | D:3      | Found a snail-covered altar of Cheibriados.
  4506 | D:4      | Noticed Pikel
  4525 | D:4      | Killed Pikel
  4526 | D:4      | Reached skill level 5 in Fighting
  4526 | D:4      | Reached skill level 4 in Maces & Flails
  4526 | D:4      | Reached skill level 4 in Armour
  4526 | D:4      | Reached skill level 4 in Shields
  4526 | D:4      | Gained mutation: You curl defensively after being hit. (AC
                  | +7*) [Palentonga growth]
  4526 | D:4      | Reached XP level 7. HP: 25/59 MP: 7/7
  4886 | D:4      | Identified the ring of Igruh {rPois rC+ rCorr}
  4941 | D:4      | Found a runed translucent door.
  4942 | D:4      | Noticed Crazy Yiuf
  5226 | D:4      | Reached XP level 8. HP: 62/67 MP: 8/8
  5244 | D:4      | Reached skill level 5 in Maces & Flails
  5302 | D:4      | Noticed Ijyb
  5313 | D:4      | Killed Ijyb
  5611 | D:5      | Entered Level 5 of the Dungeon
  5987 | D:5      | Identified the ring of Vicleq {Wiz Will+ Int+4}
  6024 | D:5      | Identified a +1 robe of the Archmagi
  6086 | D:5      | Reached skill level 6 in Fighting
  6086 | D:5      | Reached skill level 5 in Armour
  6086 | D:5      | Reached skill level 5 in Shields
  6378 | D:3      | Found a white marble altar of Elyvilon.
  6410 | D:3      | Became a worshipper of Fedhas Madash
  6700 | D:5      | You fall into a shaft and drop 1 floor!
  6717 | D:6      | Reached skill level 6 in Maces & Flails
  7154 | D:6      | Reached XP level 9. HP: 67/75 MP: 9/9
  7705 | D:6      | Found a staircase to the Ecumenical Temple.
  7711 | Temple   | Entered the Ecumenical Temple
  8177 | D:7      | Found a large runed translucent door.
  8178 | D:7      | Found a large runed translucent door.
  8208 | D:7      | Noticed a brown ugly thing
  8250 | D:6      | HP: 26/112 [acid (5)]
  8254 | D:6      | HP: 11/112 [acid (4)]
  8255 | D:6      | HP: 5/112 [brown ugly thing (6)]
  8255 | D:6      | HP: 1/112 [acid (4)]
  8271 | D:6      | Killed a brown ugly thing
  8271 | D:6      | Reached * piety under Fedhas
  8272 | D:6      | Reached skill level 7 in Fighting
  8629 | D:6      | Reached skill level 6 in Armour
  8636 | D:6      | HP: 15/70 [wight/+0 battleaxe (7)]
  8639 | D:6      | HP: 5/70 [wight/+0 battleaxe (11)]
  8642 | D:6      | Reached skill level 6 in Shields
  9180 | D:7      | Reached skill level 7 in Maces & Flails
  9580 | D:7      | Noticed Duvessa
  9580 | D:7      | Noticed Dowan
  9603 | D:7      | Killed Dowan
  9610 | D:7      | Killed Duvessa
  9633 | D:7      | Identified the +1 chain mail of the Cricket {Will+}
 10023 | D:7      | Noticed Maggie
 10042 | D:7      | HP: 19/78 [Maggie/bolt of fire (15)]
 10043 | D:7      | Killed Maggie
 10475 | D:7      | Found a sparkling altar of Nemelex Xobeh.
 10483 | D:7      | Found an ornate altar of the Wu Jian Council.
 10683 | D:8      | Reached XP level 10. HP: 68/84 MP: 10/10
 11205 | D:8      | Reached ** piety under Fedhas
 11259 | D:8      | Reached skill level 8 in Fighting
 11366 | D:8      | You add the spells Summon Forest, Eringya's Noxious Bog and
                  | Summon Hydra to your library.
 11907 | D:9      | Identified the +0 short sword "Esmyer" {vorpal, *Slow rCorr
                  | Dex+8 Stlth-}
 11935 | D:9      | Reached skill level 8 in Maces & Flails
 12041 | D:9      | Noticed a two-headed ogre
 12060 | D:9      | Reached skill level 7 in Armour
 12060 | D:9      | Reached skill level 7 in Shields
 12291 | D:9      | HP: 17/87 [two-headed ogre/+0 giant spiked club (17)]
 12336 | D:9      | HP: 20/87 [two-headed ogre/+0 giant spiked club (7)]
 13270 | D:9      | HP: 17/87 [two-headed ogre/+0 giant spiked club (16)]
 13271 | D:9      | Killed a two-headed ogre
 13723 | D:10     | Entered Level 10 of the Dungeon
 13730 | D:10     | Reached *** piety under Fedhas
 13840 | D:10     | HP: 20/87 [electric eel/bolt of electricity (15)]
 14187 | D:10     | HP: 20/83 [water moccasin (6)]
 14189 | D:10     | HP: 9/80 [wight/+3 halberd (1)]
 14207 | D:10     | HP: 11/81 [wyvern (2)]
 14215 | D:10     | HP: 9/81 [wyvern (4)]
 14216 | D:10     | Slain by a wyvern

Vanquished Creatures
  A two-headed ogre (D:9)
  Pikel (D:4)
  An ugly thing (D:6)
  Maggie (D:7)
  A wraith (D:9)
  4 yaks (D:9)
  4 steam dragons
  A vampire mosquito (D:9)
  Duvessa (D:7)
  A black bear (D:5)
  An orc warrior (D:10)
  3 water moccasins
  2 sky beasts
  Pargi (Sewer)
  A necrophage (D:6)
  2 ogres
  2 centaurs
  2 phantoms
  2 kobold brigands (D:9)
  4 bullfrogs
  4 scorpions
  A water moccasin zombie (D:5)
  A wyvern skeleton (D:6)
  Dowan (D:7)
  6 wights
  2 electric eels (D:10)
  3 howler monkeys
  A bullfrog zombie (D:5)
  2 centaur zombies
  An orc priest (D:7)
  4 jellies (D:6)
  2 centaur skeletons (D:7)
  9 orc wizards
  Terence (D:3)
  Ijyb (D:4)
  3 iguanas
  A killer bee zombie (D:5)
  2 hound skeletons (D:4)
  2 howler monkey zombies
  11 gnolls
  A howler monkey skeleton (D:5)
  4 adders
  An ufetubus (D:7)
  A worm (D:2)
  A dart slug (D:4)
  23 orcs
  7 ball pythons
  8 endoplasms
  3 giant cockroaches
  13 goblins
  5 hobgoblins
  5 jackals
  2 quokkas
  5 bats
  11 frilled lizards
  18 kobolds
  A quokka skeleton (D:4)
  11 rats
214 creatures vanquished.

Vanquished Creatures (others)
  6 fungi
  11 plants (D:10)
17 creatures vanquished.

Grand Total: 231 creatures vanquished

Table legend:
 A = Non-vault XP
 B = Vault XP
 C = Vault XP percentage of total XP
 D = Non-vault monster count
 E = Vault monster count
 F = Vault count percentage of total count
                 A         B        C        D         E       F
            +---------+---------+-------+---------+---------+-------
      Total |    5942 |    3587 |  37.6 |     182 |      32 |  15.0
            +---------+---------+-------+---------+---------+-------
        D:1 |      44 |       0 |   0.0 |      28 |       0 |   0.0
        D:2 |      43 |       2 |   4.4 |      24 |       1 |   4.0
        D:3 |     216 |      38 |  15.0 |      12 |       2 |  14.3
        D:4 |     417 |     664 |  61.4 |      20 |       2 |   9.1
        D:5 |     394 |     323 |  45.0 |       8 |       7 |  46.7
        D:6 |    1038 |     568 |  35.4 |      23 |       1 |   4.2
        D:7 |    1290 |     693 |  34.9 |      18 |       5 |  21.7
        D:8 |     675 |       0 |   0.0 |      22 |       0 |   0.0
        D:9 |    1248 |    1011 |  44.8 |      19 |       3 |  13.6
       D:10 |     577 |     147 |  20.3 |       8 |       1 |  11.1
      Sewer |       0 |     141 | 100.0 |       0 |      10 | 100.0
            +---------+---------+-------+---------+---------+-------

Illustrated notes

Table legend:
 A = Kills in this place as a percentage of kills in entire the game.
 B = Kills by you in this place as a percentage of kills by you in the entire game.
 C = Kills by friends in this place as a percentage of kills by friends in the entire game.
 D = Other kills in this place as a percentage of other kills in the entire game.
 E = Experience gained in this place as a percentage of experience gained in the entire game.
 F = Experience gained in this place divided by the number of levels of this place that you have seen.
                   A       B       C       D       E      F
               +-------+-------+-------+-------+-------+----------------------
         Total | 100.0 | 100.0 |   N/A |   N/A | 100.0 | 794.1
       Dungeon |  95.3 |  95.3 |   N/A |   N/A |  98.5 | 938.8
         Sewer |   4.7 |   4.7 |   N/A |   N/A |   1.5 | 141.0
               +-------+-------+-------+-------+-------+----------------------

Table legend: (Time is in decaauts)
 A = Elapsed time spent in this place.
 B = Non-inter-level travel time spent in this place.
 C = Inter-level travel time spent in this place.
 D = Time resting spent in this place.
 E = Time spent auto-exploring this place.
 F = Levels seen in this place.
 G = Mean time per level.
                   A        B        C        D        E       F      G
               +--------+--------+--------+--------+--------+-----+--------+
         Total |  14397 |  13883 |    514 |   2320 |   9009 |  12 | 1199.8 |
       Dungeon |  13852 |  13366 |    486 |   2320 |   8633 |  10 | 1385.2 |
        Temple |    221 |    193 |     28 |      0 |    186 |   1 |  221.0 |
         Sewer |    323 |    323 |      0 |      0 |    189 |   1 |  323.0 |
               +--------+--------+--------+--------+--------+-----+--------+

Top non-repeatable levels by time:
     D:3: 2467 daAuts
     D:7: 2303 daAuts
     D:6: 1812 daAuts
     D:9: 1712 daAuts
     D:4: 1140 daAuts
     D:5: 1111 daAuts
     D:1: 1039 daAuts
     D:8: 905 daAuts
     D:2: 861 daAuts
    D:10: 497 daAuts
   Sewer: 323 daAuts
  Temple: 221 daAuts
